Map: Frost LE

Players

topdollar - Winner!

  • Race: Terran Terran
  • League: Diamond

llllllllllll

  • Race: Protoss Protoss
  • League: Diamond

VOD

Have the link to the VOD?

Description

Time

  • Played on: Oct. 11, 2016, 5:19 p.m.
  • Length: 20:41
Show
View Real Time Build Order
Export as new Build Order

topdollar Terran - Winner!

Build Orders: MMM Bio 

Get SALT Encoding   

  12  0:02  SCV  
  13  0:14  SCV  
  14  0:17  Supply Depot  
  14  0:26  SCV  
  15  0:39  SCV  
  16  0:44  Barracks  
  16  0:48  Refinery  
  16  0:51  SCV  
  17  1:03  SCV  
  18  1:15  SCV  
  19  1:27  SCV  
  19  1:32  Reaper  
  21  1:39  Orbital Command  
  21  1:50  Command Center  
  21  2:06  Barracks Reactor  
  21  2:07  Barracks  
  21  2:09  SCV  
  22  2:23  SCV  
  22  2:28  Refinery  
  23  2:31  Factory  
  23  2:46  Supply Depot  
  23  3:00  SCV  
  23  3:01  Orbital Command  
  23  3:04  Barracks Tech Lab  
  23  3:05  Marine x2  
  25  3:12  SCV  
  26  3:21  Starport  
  26  3:23  Factory Reactor  
  26  3:24  SCV  
  27  3:29  Marine  
  27  3:32  SCV  
  29  3:36  Stimpack  
  29  3:39  SCV  
  30  3:46  Marine x2  
  30  3:48  SCV  
  33  3:51  SCV  
  34  3:55  Marine  
  34  4:03  Marine  
  34  4:04  Marine  
  36  4:21  Marine x2  
  36  4:22  Marine  
  37  4:30  SCV x2  
  35  4:37  Medivac x2  
  39  4:39  Marine x2  
  39  4:40  Factory Reactor  
  39  4:42  SCV x2  
  43  4:50  Marauder  
  45  4:54  SCV  
  45  4:56  Supply Depot  
  45  4:57  Supply Depot  
  46  5:06  Engineering Bay  
  46  5:17  Marine x2  
  46  5:18  Marauder, SCV x2  
  46  5:20  Medivac x2  
  56  5:25  Widow Mine x2  
  56  5:27  Barracks  
  60  5:35  Marine x2  
  62  6:05  Missile Turret  
  62  6:07  Terran Infantry Weapons Level 1  
  62  6:08  Missile Turret  
  62  6:12  Supply Depot  
  62  6:15  Supply Depot  
  62  6:17  Barracks Tech Lab  
  62  6:33  Marine x2, Widow Mine x2  
  62  6:34  Marauder  
  62  6:36  Refinery  
  62  6:37  Viking  
  62  6:38  Refinery  
  62  6:39  Missile Turret  
  72  6:51  Marine x2  
  72  6:53  Starport  
  74  6:54  SCV x2  
  74  6:55  Marauder  
  78  7:23  Supply Depot  
  78  7:25  Supply Depot  
  78  7:32  Supply Depot  
  78  7:38  Combat Shields  
  78  7:44  Marauder, SCV x2, Viking x2  
  78  7:46  Marine x2  
  78  7:47  Viking x2  
  78  7:50  Supply Depot  
  78  7:51  Supply Depot  
  92  7:56  SCV x2  
  94  8:06  Marauder  
  94  8:07  Marauder, Marine x2  
  94  8:10  Factory Reactor  
  99  8:16  Supply Depot  
  99  8:17  Viking  
  101  8:24  Marine, Viking  
  104  8:27  Marauder  
  104  8:28  Marauder  
  104  8:30  Supply Depot  
  104  8:33  Terran Infantry Armor Level 1  
  105  8:58  Marauder x2, Marine x2  
  111  9:05  Viking x2  
  115  9:16  Marine x2  
  117  9:19  Marine  
  117  9:20  Marauder  
  120  9:34  Marine x2  
  120  9:35  Viking x3  
  120  9:37  Marauder  
  130  9:40  Supply Depot  
  130  9:41  Marauder  
  132  9:55  Marine x2  
  134  10:02  Marauder, Marine  
  137  10:12  Supply Depot x2  
  137  10:13  Marine  
  138  10:17  Viking x2  
  142  10:33  Marauder, Marine x2, Viking  
  142  10:34  Marauder, Supply Depot  
  152  10:36  Viking  
  152  10:40  Supply Depot  
  150  10:51  Marine x2  
  150  10:54  Marine  
  150  10:55  Marine  
  148  11:20  SCV x2  
  148  11:25  Command Center  
  150  11:32  SCV  
  150  11:54  Marine x2  
  150  11:55  Marauder, Starport Reactor  
  154  12:03  Command Center  
  140  12:30  Marauder, Marine  
  140  12:31  Marauder, Marine  
  141  12:39  Viking x3  
  141  12:40  Viking  
  149  12:48  Marine x2  
  151  12:52  Marauder  
  153  13:03  Command Center  
  153  13:09  Viking  
  155  13:22  Marine x3  
  155  13:23  Marine  
  142  13:40  Marine x4  
  124  13:53  Orbital Command  
  124  13:58  Marine x4  
  126  14:27  Medivac x4  
  134  14:33  Orbital Command  
  134  14:38  Missile Turret  
  134  14:52  Widow Mine  
  134  14:53  Orbital Command, Widow Mine  
  134  14:57  Medivac x2, Viking x2  
  117  15:27  Viking x4  
  125  15:31  Orbital Command  
  125  15:35  SCV x2  
  127  15:47  SCV x2  
  128  15:59  SCV  
  128  16:01  SCV  
  128  16:02  SCV  
  131  16:11  SCV  
  131  16:14  SCV x2  
  134  16:22  Marine x4  
  134  16:23  SCV  
  139  16:26  SCV x2  
  141  16:35  SCV  
  141  16:36  Missile Turret  
  141  16:39  Marine  
  142  16:40  Marine x3  
  142  16:46  Missile Turret  
  132  16:57  Marine  
  132  16:58  Marine x3  
  118  17:06  Viking  
  107  17:15  Marine  
  106  17:16  Marine x3  
  110  17:26  Barracks  
  110  17:29  SCV x2  
  113  17:30  SCV  
  113  17:33  Marine x3  
  113  17:34  Marine  
  117  17:38  Barracks  
  117  17:41  SCV  
  118  17:46  Viking x3  
  118  17:51  Marine x4  
  120  18:09  Marine x2  
  102  18:37  SCV  
  102  18:38  SCV  
  102  18:42  Command Center  
  102  18:44  Viking  
  102  18:45  Viking x3  
  110  18:49  SCV  
  110  18:50  SCV  
  112  19:02  SCV x2  
  114  19:14  SCV x2  
  116  19:25  Marine  
  116  19:26  SCV x2, Marine x3  
  122  19:38  SCV x2  
  124  19:43  Marine x2  
  124  19:44  Marine x2  
  128  19:50  Armory  
  128  19:51  Refinery, SCV  
  128  19:52  SCV  
  130  20:01  Marine  
  130  20:02  Marine x4  
  135  20:09  Command Center  
  124  20:19  Marine  
  124  20:20  Marine x3  
  116  20:25  SCV x2  
  116  20:26  SCV  
Show
View Real Time Build Order
Export as new Build Order

llllllllllll Protoss 

Build Orders:  

Get SALT Encoding   

  12  0:04  Probe (Chrono Boost)  
  13  0:14  Probe (Chrono Boost)  
  14  0:25  Probe (Chrono Boost)  
  15  0:29  Pylon  
  15  0:48  Probe (Chrono Boost)  
  16  0:52  Gateway  
  16  0:58  Probe (Chrono Boost)  
  16  1:00  Assimilator  
  16  1:03  Assimilator  
  17  1:09  Probe (Chrono Boost)  
  18  1:15  Pylon  
  18  1:19  Probe (Chrono Boost)  
  19  1:30  Probe (Chrono Boost)  
  20  1:40  Probe (Chrono Boost)  
  20  1:42  Cybernetics Core  
  21  1:51  Probe (Chrono Boost)  
  22  2:01  Probe (Chrono Boost)  
  23  2:12  Nexus  
  23  2:20  Stalker  
  25  2:27  Mothership Core (Chrono Boost)  
  27  2:56  Stalker  
  29  3:03  Probe (Chrono Boost)  
  30  3:22  Nexus  
  30  3:26  Stargate  
  30  3:30  Probe (Chrono Boost)  
  30  3:34  Probe (Chrono Boost)  
  32  3:40  Pylon  
  33  3:41  Probe (Chrono Boost)  
  33  3:44  Probe (Chrono Boost)  
  34  3:49  Assimilator  
  34  3:52  Assimilator  
  30  4:39  Probe (Chrono Boost)  
  30  4:43  Oracle, Assimilator  
  34  4:48  Stargate, Assimilator  
  34  4:49  Probe x2 (Chrono Boost)  
  34  4:51  Pylon  
  36  4:53  Pylon  
  36  4:54  Probe (Chrono Boost)  
  38  5:00  Probe x2 (Chrono Boost)  
  38  5:04  Probe (Chrono Boost)  
  40  5:10  Probe (Chrono Boost)  
  40  5:11  Probe (Chrono Boost)  
  42  5:15  Probe (Chrono Boost)  
  42  5:19  Oracle  
  42  5:21  Probe x2 (Chrono Boost)  
  47  5:25  Probe (Chrono Boost)  
  49  5:29  Pylon  
  49  5:32  Oracle, Probe (Chrono Boost)  
  53  5:40  Mothership Core (Chrono Boost)  
  52  5:42  Probe (Chrono Boost)  
  52  5:53  Probe (Chrono Boost)  
  52  5:56  Pylon  
  53  5:59  Void Ray, Pylon  
  53  6:02  Forge  
  57  6:06  Probe (Chrono Boost)  
  58  6:14  Void Ray  
  58  6:16  Probe (Chrono Boost)  
  63  6:37  Photon Cannon  
  63  6:40  Photon Cannon  
  63  6:47  Void Ray  
  63  6:49  Probe (Chrono Boost)  
  68  6:57  Void Ray  
  68  7:00  Probe (Chrono Boost)  
  67  7:10  Probe (Chrono Boost)  
  68  7:21  Probe (Chrono Boost)  
  69  7:23  Stargate  
  69  7:25  Stargate  
  69  7:29  Stargate  
  69  7:31  Fleet Beacon  
  69  7:52  Void Ray x2  
  77  8:00  Nexus  
  77  8:25  Carrier x2  
  89  8:43  Carrier  
  93  9:05  Graviton Catapult  
  93  9:11  Pylon  
  93  9:13  Pylon  
  93  9:16  Pylon  
  93  9:31  Nexus  
  93  10:13  Pylon  
  91  10:24  Pylon  
  91  10:25  Pylon  
  91  10:27  Pylon  
  91  10:28  Pylon  
  91  10:30  Pylon  
  91  10:32  Pylon  
  91  10:34  Pylon  
  91  10:36  Pylon  
  91  10:44  Carrier  
  91  10:45  Carrier x2  
  99  11:14  Forge  
  99  11:16  Pylon  
  99  11:17  Pylon  
  99  11:20  Pylon  
  99  11:30  Pylon  
  99  11:58  Photon Cannon  
  99  11:59  Photon Cannon  
  99  12:10  Pylon  
  99  12:12  Pylon  
  99  12:14  Pylon  
  95  12:49  Photon Cannon  
  95  13:14  Void Ray x2  
  99  13:32  Void Ray  
  103  14:05  Photon Cannon  
  103  14:31  Nexus  
  103  14:32  Pylon  
  103  14:41  Void Ray  
  103  14:42  Void Ray  
  111  14:47  Void Ray  
  115  15:06  Photon Cannon  
  115  15:09  Photon Cannon, Pylon  
  115  15:10  Photon Cannon  
  115  15:58  Photon Cannon  
  115  15:59  Photon Cannon  
  115  16:03  Photon Cannon  
  115  16:05  Photon Cannon  
  115  16:10  Void Ray  
  119  16:32  Void Ray  
  129  16:41  Photon Cannon  
Tags
 
Composition
MMM Bio
Matchup
PvT
Add a new tag
Caveats
  • Supply blocks, unpowered buildings, or Contaminate may cause inaccurate times.
  • Supply counts are checked every 10 seconds.